 Dungeon Crawl Stone Soup version 0.28-a0-1002-gf00fe891ef (webtiles) character file.

Game seed: 18112011322674238996

5 ytrimaz the Insei (level 1, -1/13 HPs)
             Began as an Octopode Transmuter on Dec 7, 2021.
             Slain by a goblin (2 damage)
             ... on level 1 of the Dungeon.
             The game lasted 00:00:20 (363 turns).

ytrimaz the Insei (Octopode Transmuter)              Turns: 363, Time: 00:00:21

Health: -1/13      AC:  1    Str:  9    XL:     1   Next: 80%
Magic:  3/3        EV: 13    Int: 15    God:
Gold:   6          SH:  0    Dex: 12    Spells: 3/4 levels left

rFire   . . .      SeeInvis .     - Unarmed
rCold   . . .      Faith    .   (no shield)
rNeg    . . .      Spirit   .   (helmet restricted)
rPois   .          Reflect  .   (no amulet)
rElec   .          Harm     .   (no ring)
rCorr   .          Rampage  .   (no ring)
Will    .....                   (no ring)
Stlth   ++........              (no ring)
HPRegen 0.04/turn               (no ring)
MPRegen 0.08/turn               (no ring)
                                (no ring)
                                (no ring)

@: no status effects
A: almost no armour, amphibious, 8 rings, camouflage 1, gelatinous body 1,
(nimble swimmer 1), tentacles
a: no special abilities


You were on level 1 of the Dungeon.
You visited 1 branch of the dungeon, and saw 1 of its levels.

You collected 6 gold pieces.

You aren't carrying anything.


   Skills:
 * Level 1.1 Fighting
 - Level 2.0 Dodging
 + Level 3.1 Unarmed Combat
 * Level 2.1 Spellcasting
 * Level 2.1 Transmutations


You had 3 spell levels left.
You knew the following spells:

 Your Spells              Type           Power      Damage    Failure   Level
a - Beastly Appendage     Tmut           14%        N/A       10%         1

Your spell library contained the following spells:

 Spells                   Type           Power      Damage    Failure   Level
 Wereblood                Tmut           7%         N/A       14%         2
 Spider Form              Tmut/Pois      4%         N/A       38%         3
 Ice Form                 Ice/Tmut       4%         N/A       80%         4


Dungeon Overview and Level Annotations

Branches:
Dungeon (1/15)

Altars:


Innate Abilities, Weirdness & Mutations

You cannot wear most types of armour.
You are amphibious.
You can wear up to eight rings at the same time.
Your skin changes colour to match your surroundings (Stealth+).
Your rubbery body absorbs attacks. (AC +1, EV +1)
((You are camouflaged near water. (Stealth+)))
You have tentacles for arms and can constrict up to eight enemies at once.


Message History

The kobold hits you with a +0 whip.
* * * LOW HITPOINT WARNING * * *
There is a faded altar of an unknown god, spattered with blood here.
Unknown command.
Press < or > to pray at altars.
Found a robe.
An endoplasm comes into view.
An endoplasm comes into view.
The giant cockroach barely misses you.
The endoplasm quivers.
The endoplasm misses you.
Found a stone staircase leading down.
The endoplasm jiggles.
The endoplasm hits you.
* * * LOW HITPOINT WARNING * * *
Unknown command.
A kobold comes into view. It is wielding a +0 dagger.
Found a bubbling white potion.
The giant cockroach closely misses you.
Found an onyx ring.
You aren't carrying any potions.
A ball python comes into view.
The endoplasm jiggles.
An endoplasm and a hobgoblin come into view.
Found a robe.
The hobgoblin shouts!
The endoplasm quivers.
A ball python comes into view.
The giant cockroach waves its antennae.
A goblin comes into view.
It is wielding a +1 dagger of protection.
A goblin comes into view. It is wielding a +0 dagger.
A giant cockroach comes into view.
The ball python moves out of view.
You see here a ring of protection from fire.
Unknown command.
The giant cockroach misses you.
A goblin comes into view. It is wielding a +0 club.
The giant cockroach bites you but does no damage.
Unknown command.
The goblin hits you with a +0 club.
You die...

...§§.§.##..#
###.._..##..## .8#8..
........#....####.....#.
.....#..#....#....#.....
.............#.#.......
.##........#.#.#.....# .
###....#.#..!+.....#
#.......J..#.....#.#
#....#.##K.J@g.....#
#.....[##.B..#.###..
#...#..#..=### ..
###.........# ...
#...>.+.S... ...
#...###...##gJ .. #.K.
#.g## .[# . #.. #..# 8B
#. #..g .


You could see 2 endoplasms, a giant cockroach, a goblin and a kobold.

Vanquished Creatures
  A dart slug (D:1)
  An endoplasm (D:1)
  2 rats (D:1)
4 creatures vanquished.

Notes
Turn   | Place    | Note
-------+----------+-------------------------------------------
     0 | D:1      | ytrimaz the Octopode Transmuter began the quest for the
                  | Orb.
     0 | D:1      | Reached XP level 1. HP: 13/13 MP: 3/3
   343 | D:1      | Found a faded altar of an unknown god.
   363 | D:1      | Slain by a goblin

Illustrated notes

Levels and vault maps discovered:
D:1:      minmay_arrival_doors, layout_basic, ebering_ecumenical_altar_mist,
          minmay_statues_item, minmay_pentomino_w4

Action                   || total
-------------------------++-------
Melee: Unarmed           ||     9
       Constrict         ||     3
       Kick              ||     2
       Tentacles         ||     1
 Cast: Beastly Appendage ||     2
Armor: Skin              ||     3
Dodge: Dodged            ||    12

Table legend: (Time is in decaauts)
 A = Elapsed time spent in this place.
 B = Non-inter-level travel time spent in this place.
 C = Inter-level travel time spent in this place.
 D = Time resting spent in this place.
 E = Time spent auto-exploring this place.
 F = Levels seen in this place.
 G = Mean time per level.
                   A        B        C        D        E       F      G
               +--------+--------+--------+--------+--------+-----+--------+
         Total |    362 |    362 |      0 |      0 |    318 |   1 |  362.0 |
       Dungeon |    362 |    362 |      0 |      0 |    318 |   1 |  362.0 |
               +--------+--------+--------+--------+--------+-----+--------+

Top non-repeatable levels by time:
     D:1: 362 daAuts
